 Dungeon Crawl Stone Soup version 0.29-a0-409-gd843f3a48c (webtiles) character file.

Game seed: 4657021044819403727

1444 zazu2006 the Magician (level 8, -8/66 HPs)
             Began as a Naga Hedge Wizard on May 15, 2022.
             Succumbed to Edmund's poison
             ... on level 6 of the Dungeon.
             The game lasted 00:12:36 (7020 turns).

zazu2006 the Magician (Naga Hedge Wizard)           Turns: 7020, Time: 00:12:37

Health: -8/66      AC:  6    Str: 16    XL:     8   Next: 74%
Magic:  6/18       EV:  9    Int: 18    God:
Gold:   36         SH:  0    Dex: 10    Spells: 12/21 levels left

rFire   . . .      SeeInvis +   a - +0 dagger
rCold   . . .      Faith    .   (no shield)
rNeg    . . .      Spirit   .   z - +1 ring mail of Fedhas's Outrage {rElec Str+2 Int+2}
rPois   +          Reflect  .   c - +0 hat
rElec   +          Harm     .   (no cloak)
rCorr   .          Rampage  .   (no gloves)
Will    +....                   (no barding)
Stlth   ++........              w - amulet of regeneration
HPRegen 1.01/turn               (no ring)
MPRegen 0.16/turn               (no ring)

@: lethally poisoned (-8 -> -49), very slightly contaminated, very slow
A: AC +2, large, see invisible, deformed body, poison resistance, slowness 2,
spit poison 1, naga tail 1
a: Spit Poison


You were on level 6 of the Dungeon.
You visited 1 branch of the dungeon, and saw 6 of its levels.

You collected 306 gold pieces.
You spent 270 gold pieces at shops.

Inventory:

Hand Weapons
 a - a +0 dagger (weapon)
Missiles
 p - a throwing net
Armour
 b - a +0 robe
 c - a +0 hat (worn)
 z - the +1 ring mail of Fedhas's Outrage (worn) {rElec Str+2 Int+2}
   (You bought it in a shop on level 6 of the Dungeon)

   Str:       It affects your strength (+2).
   Int:       It affects your intelligence (+2).
   rElec:     It insulates you from electricity.
Jewellery
 v - a ring of fire
 w - an amulet of regeneration (around neck)
Wands
 y - a wand of iceblast (10)
Scrolls
 f - 2 scrolls of immolation
 g - a scroll of amnesia {unknown}
 h - a scroll of torment {unknown}
 i - 3 scrolls of blinking {unknown}
 j - 3 scrolls of identify {unknown}
 k - a scroll of vulnerability {unknown}
 q - 4 scrolls of teleportation {unknown}
 r - 3 scrolls of fear {unknown}
 t - a scroll of enchant armour {unknown}
 u - 2 scrolls of fog {unknown}
Potions
 d - 2 potions of magic
 e - 5 potions of curing {unknown}
 l - 4 potions of mutation {unknown}
 m - a potion of lignification {unknown}
 n - 2 potions of degeneration {unknown}
 o - 3 potions of haste {unknown}
 s - 3 potions of heal wounds {unknown}
 x - 2 potions of berserk rage


   Skills:
 + Level 1.6 Fighting
 + Level 1.6 Short Blades
 + Level 2.9 Dodging
 + Level 5.1 Stealth
 + Level 7.1 Spellcasting
 + Level 5.4 Conjurations
 + Level 1.0 Summonings
 + Level 1.1 Translocations
 + Level 0.4 Fire Magic
 + Level 0.9 Air Magic
 + Level 1.8 Poison Magic


You had 12 spell levels left.
You knew the following spells:

 Your Spells              Type           Power      Damage    Failure   Level
a - Magic Dart            Conj           100%       1d8       2%          1
b - Mephitic Cloud        Conj/Pois/Air  16%        N/A       21%         3
c - Conjure Flame         Conj/Fire      16%        6-21      19%         3
d - Blink                 Tloc           20%        N/A       19%         2

Your spell library contained the following spells:

 Spells                   Type           Power      Damage    Failure   Level
 Animate Skeleton         Necr           12%        N/A       21%         1
 Pain                     Necr           24%        1d5       21%         1
 Slow                     Hex            24%        N/A       21%         1
 Call Imp                 Summ           10%        N/A       21%         2
 Call Canine Familiar     Summ           10%        N/A       38%         3
 Ignite Poison            Fire/Tmut/Pois 9%         N/A       41%         3
 Portal Projectile        Hex/Tloc       16%        N/A       43%         3
 Vampiric Draining        Necr           6%         2d6       52%         3
 Leda's Liquefaction      Hex/Erth       3%         N/A       90%         4
 Freezing Cloud           Conj/Ice/Air   7%         6-21      94%         5


Dungeon Overview and Level Annotations

Branches:
Dungeon (6/15)
 Temple: D:4-7

Altars:

Shops:
D:6 [

Annotations:
D:6 Edmund


Innate Abilities, Weirdness & Mutations

Your serpentine skin is tough. (AC +2)
You have supernaturally acute eyesight. (SInv)
Armour fits poorly on your strangely shaped body.
Your system is resistant to poisons. (rPois)
You cover ground very slowly.
You can spit poison.
You have a snake-like lower body.


Message History

Aiming: Mephitic Cloud (dangerous; 21% risk of failure)
Press: ? - help, Shift-Dir - straight line, f - Edmund
Aim: Edmund, wielding a +1 flail of venom and wearing a +0 scale mail (berserk, chance to affect: 81%)
You miscast Mephitic Cloud.
Nothing appears to happen.
Unknown command.
You hit Edmund but do no damage.
Edmund is engulfed in blazing flames.
Edmund closely misses you.
Edmund is engulfed in blazing flames.
Edmund hits you with a +1 flail of venom!
You hit Edmund but do no damage.
Edmund is lightly wounded.
Edmund is engulfed in blazing flames.
Edmund hits you with a +1 flail of venom.
You are poisoned.
You hit Edmund but do no damage.
Edmund is moderately wounded.
You feel very sick.
Edmund is engulfed in blazing flames.
Edmund hits you with a +1 flail of venom.
Unknown command.
Unknown command.
You closely miss Edmund. You punch Edmund, but do no damage.
Edmund is moderately wounded.
You feel sick.
Edmund is engulfed in blazing flames.
Edmund hits you with a +1 flail of venom!
You are lethally poisoned!
Edmund is engulfed in blazing flames.
Edmund barely misses you.
Unknown command.
Casting: Mephitic Cloud (dangerous; 21% risk of failure)
Confirm with . or Enter, or press ? or * to list all spells.
You miscast Blink.
Nothing appears to happen.
* * * LOW HITPOINT WARNING * * *
You feel extremely sick.
Edmund is engulfed in blazing flames.
Edmund hits you with a +1 flail of venom!
* * * LOW HITPOINT WARNING * * *
You are more poisoned.
Casting: Blink (safe; 19% risk of failure)
Confirm with . or Enter, or press ? or * to list all spells.
You miscast Blink.
Nothing appears to happen.
You die...

#######...# #....#
###'##
##....##....##.
#.....#.......
###'###.#......
#≈≈.≈≈#.#.....
#≈#.#≈#.#....
#≈.∩.≈#@#...
#≈#.#≈#@##.#
#≈≈≈≈≈#.##.##.####
#######...........
#...............
#...............
#...............
#####....##...##
###+## ...#


You could see Edmund (berserk).

Vanquished Creatures
  Grinder (D:6)
  3 yaks (D:4)
  A water moccasin (D:5)
  An ice beast (D:5)
  2 ogres
  A phantom (D:4)
  2 scorpions
  A jelly (D:5)
  A hound (D:4)
  An iguana (D:4)
  7 gnolls
  3 adders
  A shadow imp (D:5)
  2 ufetubi
  4 worms
  5 dart slugs
  2 orcs
  4 bats
  7 endoplasms
  5 giant cockroaches
  4 goblins
  4 hobgoblins
  3 kobolds
  3 quokkas
  8 ball pythons
  A frilled lizard (D:2)
  5 rats
82 creatures vanquished.

Vanquished Creatures (others)
  3 plants (D:6)
3 creatures vanquished.

Grand Total: 85 creatures vanquished

Notes
Turn   | Place    | Note
-------+----------+-------------------------------------------
     0 | D:1      | zazu2006 the Naga Hedge Wizard began the quest for the Orb.
     0 | D:1      | Reached XP level 1. HP: 15/15 MP: 4/4
   414 | D:1      | Reached XP level 2. HP: 22/22 MP: 3/6
   538 | D:1      | Found a faded altar of an unknown god.
  1203 | D:2      | Reached XP level 3. HP: 15/28 MP: 4/8
  1207 | D:2      | Learned a level 3 spell: Mephitic Cloud
  1211 | D:2      | Learned a level 3 spell: Conjure Flame
  1214 | D:2      | Learned a level 2 spell: Blink
  1953 | D:2      | Reached skill level 4 in Spellcasting
  1956 | D:2      | Reached XP level 4. HP: 26/36 MP: 1/10
  2950 | D:3      | Noticed a scorpion
  2957 | D:3      | Killed a scorpion
  2958 | D:3      | Reached XP level 5. HP: 30/42 MP: 4/11
  3911 | D:4      | Noticed a yak
  3980 | D:4      | Noticed a yak
  3980 | D:4      | Noticed a yak
  3980 | D:4      | Noticed a yak
  3980 | D:4      | Noticed a yak
  3989 | D:4      | Noticed a yak
  3993 | D:4      | Killed a yak
  3994 | D:4      | Reached skill level 5 in Spellcasting
  3994 | D:4      | Reached XP level 6. HP: 15/49 MP: 4/13
  4011 | D:5      | Entered Level 5 of the Dungeon
  4354 | D:5      | Reached skill level 1 in Fighting
  4568 | D:5      | Noticed an ice beast
  4577 | D:5      | Killed an ice beast
  4578 | D:5      | Reached skill level 1 in Short Blades
  4578 | D:5      | Reached skill level 1 in Poison Magic
  4578 | D:5      | Reached XP level 7. HP: 57/57 MP: 6/14
  5850 | D:4      | Reached skill level 6 in Spellcasting
  6121 | D:4      | Reached XP level 8. HP: 64/64 MP: 10/17
  6418 | D:4      | Killed a yak
  6419 | D:4      | Reached skill level 5 in Stealth
  6431 | D:4      | Killed a yak
  6432 | D:4      | Reached skill level 5 in Conjurations
  6866 | D:6      | Found Qaopse's Antique Armour Shoppe.
  6872 | D:6      | Bought a steaming ring mail for 270 gold pieces
  6872 | D:6      | Identified the +1 ring mail of Fedhas's Outrage {rElec
                  | Str+2 Int+2} (You bought it in a shop on level 6 of the
                  | Dungeon)
  6893 | D:6      | Noticed Grinder
  6909 | D:6      | Killed Grinder
  6910 | D:6      | Reached skill level 7 in Spellcasting
  7004 | D:6      | Noticed Edmund
  7019 | D:6      | HP: 3/66 [Edmund/+1 flail of venom (12)]
  7020 | D:6      | Succumbed to Edmund's poison

Illustrated notes

Levels and vault maps discovered:
D:1:      dpeg_arrival_arbitrary_a, layout_rooms, basic_ecumenical_altar,
          minmay_pentomino_u2
D:2:      layout_basic, serial_forest, infiniplex_forest_zigzag_1,
          infiniplex_forest_zigzag_1, infiniplex_forest_straight_2,
          infiniplex_forest_clump_curved, infiniplex_forest_pool,
          infiniplex_forest_zigzag_2, infiniplex_forest_lined_ring,
          infiniplex_forest_lined_3, dk_vineyard_2, minmay_misc_feat_nine_boxes
D:3:      layout_basic
D:4:      layout_basic
D:5:      layout_loops_ring
D:6:      layout_gridville, ebering_ghost_sewer_f, serial_shops,
          kennysheep_little_box, serial_bayou_pond_a, uniq_edmund, uniq_grinder

Skill      XL: |  1  2  3  4  5  6  7  8 |
---------------+-------------------------+-----
Spellcasting   | 4 5 6 7 |  7.1
Conjurations   | 2 3 4 5 |  5.4
Dodging        | 2 |  2.9
Stealth        | 4 5 |  5.1
Fighting       | 1 |  1.6
Short Blades   | 1 |  1.6
Poison Magic   | 1 |  1.8
Summonings     | |  1.0
Translocations | |  1.1
Fire Magic     | |  0.4
Air Magic      | |  0.9

Action                   |  1- 3 |  4- 6 |  7- 9 || total
-------------------------+-------+-------+-------++-------
Melee: Dagger            |    10 |    25 |    20 ||    55
       Punch             |       |       |     1 ||     1
 Cast: Magic Dart        |    56 |    63 |   110 ||   229
       Mephitic Cloud    |     1 |     3 |     6 ||    10
       Conjure Flame     |       |     1 |     5 ||     6
       Blink             |       |     1 |     1 ||     2
 Abil: Spit Poison       |    16 |    12 |     9 ||    37
  Use: Scroll            |       |     1 |       ||     1
 Stab: Sleeping          |     1 |     1 |       ||     2
Armor: Robe              |     8 |     7 |     8 ||    23
Dodge: Dodged            |     8 |    28 |    29 ||    65

Table legend: (Time is in decaauts)
 A = Elapsed time spent in this place.
 B = Non-inter-level travel time spent in this place.
 C = Inter-level travel time spent in this place.
 D = Time resting spent in this place.
 E = Time spent auto-exploring this place.
 F = Levels seen in this place.
 G = Mean time per level.
                   A        B        C        D        E       F      G
               +--------+--------+--------+--------+--------+-----+--------+
         Total |   8481 |   8165 |    316 |     80 |   7038 |   6 | 1413.5 |
       Dungeon |   8481 |   8165 |    316 |     80 |   7038 |   6 | 1413.5 |
               +--------+--------+--------+--------+--------+-----+--------+

Top non-repeatable levels by time:
     D:2: 2558 daAuts
     D:5: 1803 daAuts
     D:4: 1564 daAuts
     D:3: 1419 daAuts
     D:1: 927 daAuts
     D:6: 210 daAuts
